 Dungeon Crawl Stone Soup version 0.29.1-4-g47bece8355 (webtiles) character file.

Game seed: 14466670740703927426

398 ChadusMaximus the Caller (level 7, 0/46 HPs)
             Began as a Human Summoner on Dec 7, 2022.
             Slain by an orc
             ... wielding a +0 hand axe
              (7 damage)
             ... on level 3 of the Dungeon.
             The game lasted 00:05:54 (6179 turns).

ChadusMaximus the Caller (Human Summoner)           Turns: 6179, Time: 00:05:55

Health: 0/46       AC:  2    Str: 14    XL:     7   Next: 10%
Magic:  0/12       EV: 12    Int: 17    God:
Gold:   223        SH:  0    Dex: 14    Spells: 7/13 levels left

rFire   . . .      SeeInvis .   u - +1 hand axe (drain)
rCold   . . .      Faith    .   (no shield)
rNeg    . . .      Spirit   .   a - +0 robe
rPois   .          Reflect  .   (no helmet)
rElec   .          Harm     .   (no cloak)
rCorr   .          Rampage  .   (no gloves)
Will    .....                   (no boots)
Stlth   ++........              (no amulet)
HPRegen 0.15/turn               e - +6 ring of strength
MPRegen 0.13/turn               (no ring)

@: no status effects
A: no striking features
a: no special abilities


You were on level 3 of the Dungeon.
You visited 1 branch of the dungeon, and saw 4 of its levels.

You collected 223 gold pieces.

Inventory:

Hand Weapons
 c - a +0 short sword
 u - a +1 hand axe of draining (weapon)
Armour
 a - a +0 robe (worn)
 j - the +4 scale mail of the Disturbing Ears {Drain rF+ rC- Dex+7}
   (You found it on level 2 of the Dungeon)

   Dex:       It affects your dexterity (+7).
   rF:        It protects you from fire.
   rC:        It makes you vulnerable to cold.
   Drain:     It drains your maximum health when unequipped.
Magical Staves
 k - a staff of cold
Jewellery
 e - a +6 ring of strength (left hand)
Scrolls
 f - 2 scrolls of magic mapping {unknown}
 h - a scroll of immolation {unknown}
 l - 2 scrolls of identify {unknown}
 p - a scroll of vulnerability {unknown}
 q - 2 scrolls of teleportation {unknown}
 r - a scroll of silence {unknown}
Potions
 b - a potion of magic
 d - 3 potions of heal wounds {unknown}
 g - a potion of flight {unknown}
 i - 3 potions of degeneration {unknown}
 m - 2 potions of cancellation {unknown}
 n - a potion of lignification {unknown}
 o - 2 potions of might {unknown}
 s - a potion of berserk rage {unknown}
 t - a potion of brilliance {unknown}


   Skills:
 - Level 2.7 Dodging
 - Level 3.0 Stealth
 + Level 3.9 Spellcasting
 * Level 6.3 Summonings


You had 7 spell levels left.
You knew the following spells:

 Your Spells              Type           Power      Damage    Failure   Level
a - Summon Small Mammal   Summ           96%        N/A       1%          1
b - Call Canine Familiar  Summ           24%        N/A       3%          3
c - Call Imp              Summ           24%        N/A       1%          2

Your spell library contained the following spells:

 Spells                   Type           Power      Damage    Failure   Level
 Summon Guardian Golem    Hex/Summ       14%        N/A       13%         3
 Slow                     Hex            12%        N/A       16%         1
 Summon Lightning Spire   Summ/Air       14%        N/A       41%         4
 Confusing Touch          Hex            3%         N/A       43%         3
 Vampiric Draining        Necr           3%         2d6       43%         3


Dungeon Overview and Level Annotations

Branches:
Dungeon (4/15)
 Temple: D:4-7

Altars:
Dithmenos
Fedhas
Kikubaaqudgha
Makhleb

Shops:
D:2 !(

Annotations:
D:4 Ijyb


Message History

Your hound closely misses Ijyb.
The endoplasm attacks as you move away! The endoplasm hits you.
Your hound bites Ijyb but does no damage.
There is a stone staircase leading up here.
You hit the endoplasm but do no damage.
The endoplasm is severely wounded.
Your hound barely misses Ijyb. x2; The endoplasm hits you.
You barely miss the endoplasm.
The endoplasm is severely wounded.
Your hound bites Ijyb but does no damage.
The endoplasm closely misses you.
Your hound bites Ijyb.
You barely miss the endoplasm.
The endoplasm is severely wounded.
Your hound closely misses Ijyb.
The endoplasm hits you.
Ijyb hits your hound with a +0 spectral club.
Your hound misses Ijyb. The endoplasm freezes you.
You are frozen.
Ijyb barely misses your hound.
The orc hits your hound with a +0 hand axe.
Your hound dies!
Your hound's corpse disappears in a puff of smoke!
You slash the endoplasm!
You kill the endoplasm!
Ijyb zaps a wand.
The roots erupt in riotous growth!
The orc is unaffected.
The grasping roots grab you!
Ijyb is unaffected.
The grasping roots constrict you.
Unknown command.
The roots grasp on you weakens, but your attempt to escape fails.
The orc hits you with a +0 hand axe.
* * * LOW HITPOINT WARNING * * *
The grasping roots constrict you.
* * * LOW HITPOINT WARNING * * *
The grasping roots release their grip on you.
Unknown command.
You climb upwards.
There is a stone staircase leading down here.
Casting: Call Canine Familiar (dangerous; 3% risk of failure)
Confirm with . or Enter, or press ? or * to list all spells.
The orc hits you with a +0 hand axe!
You die...

#......# ######......#
#..†........# #...........#
#......###### ####......######
#..####'####....
#######h.'.......'.###
#########....@..##.#...#.#.#
###......####.#o####.#._.#.#.#
#.......^'....#.####.#...#.#.#
#.#......######....'.......+.#
#..........).))..######+######
#..#######)####..# ###.## #..#
##.....##..####....#
#..####.....##.....##.##.#
#..##.#....##8..##.##.#..#
####


You could see an orc (ally target) and a friendly hound (summoned).

Vanquished Creatures
  An orc priest (D:4)
  A hound (D:3)
  2 orcs
  A ball python (D:3)
  3 endoplasms
  6 hobgoblins
  A jackal (D:1)
  A quokka (D:3)
  3 frilled lizards
  5 goblins
  2 kobolds
  3 rats
29 creatures vanquished.

Vanquished Creatures (collateral kills)
  A phantom (D:4)
  A scorpion (D:4)
  An iguana (D:4)
  Terence (D:2)
  8 adders
  3 worms
  6 orcs
  2 ball pythons (D:4)
  3 endoplasms
  3 goblins (D:3)
  2 hobgoblins
  2 jackals (D:1)
  4 kobolds
  A quokka (D:1)
  4 bats
  3 frilled lizards
  4 rats
49 creatures vanquished.

Grand Total: 78 creatures vanquished

Notes
Turn   | Place    | Note
-------+----------+-------------------------------------------
     0 | D:1      | ChadusMaximus the Human Summoner began the quest for the
                  | Orb.
     0 | D:1      | Reached XP level 1. HP: 13/13 MP: 3/3
   596 | D:1      | Reached XP level 2. HP: 18/19 MP: 1/5
   651 | D:1      | Found a faded altar of an unknown god.
  2140 | D:2      | Reached XP level 3. HP: 24/24 MP: 3/6
  2151 | D:2      | Learned a level 3 spell: Call Canine Familiar
  2154 | D:2      | Learned a level 2 spell: Call Imp
  2400 | D:2      | Noticed Terence
  2411 | D:2      | Killed Terence
  2412 | D:2      | Reached XP level 4. HP: 30/30 MP: 0/7
  2495 | D:2      | Found a blossoming altar of Fedhas.
  2499 | D:2      | Identified the +4 scale mail of the Disturbing Ears {Drain
                  | rF+ rC- Dex+7}
  3004 | D:2      | Found Bastroasch's Weapon Boutique.
  3223 | D:2      | Found Vulua's Distillery.
  3604 | D:3      | Found a shadowy altar of Dithmenos.
  4178 | D:3      | Reached XP level 5. HP: 22/35 MP: 9/9
  4541 | D:3      | Reached skill level 5 in Summonings
  4983 | D:3      | Found a burning altar of Makhleb.
  4992 | D:3      | Found an ancient bone altar of Kikubaaqudgha.
  5094 | D:4      | Noticed a phantom
  5281 | D:4      | Reached XP level 6. HP: 30/41 MP: 4/10
  5626 | D:4      | Reached skill level 6 in Summonings
  5664 | D:4      | Noticed a black bear
  5737 | D:4      | Reached XP level 7. HP: 12/46 MP: 5/12
  6139 | D:4      | Noticed Ijyb
  6179 | D:3      | Slain by an orc

Illustrated notes

Levels and vault maps discovered:
D:1:      dpeg_arrival_three_same_balls, layout_basic,
          hellmonk_ecumenical_altar_zigzags, chequers_serial_rivers_room_a
D:2:      layout_loops_cross, basic_altar, serial_shops, nicolae_shop_stone,
          shop, uniq_terence
D:3:      layout_basic, mainiacjoe_overflow_six_doors_small,
          mainiacjoe_overflow_swirl, guppyfry_early_orc_mine
D:4:      layout_cave_pools, dk_rats_in_the_wall, uniq_ijyb

Skill      XL: |  1  2  3  4  5  6 |
---------------+-------------------+-----
Stealth        | 3 |  3.0
Spellcasting   | 3 |  3.9
Summonings     | 5 6 |  6.3
Dodging        | |  2.7

Action                   |  1- 3 |  4- 6 |  7- 9 || total
-------------------------+-------+-------+-------++-------
Melee: Short sword       |    54 |   112 |       ||   166
       Unarmed           |     4 |       |       ||     4
       Punch             |       |     1 |       ||     1
       Hand axe          |       |    24 |     6 ||    30
 Cast: Summon Small Mamm |    21 |    15 |     1 ||    37
       Call Canine Famil |     3 |    17 |     4 ||    24
       Call Imp          |     1 |     6 |     1 ||     8
 Stab: Distracted        |     1 |     3 |       ||     4
       Sleeping          |     2 |     6 |       ||     8
Armor: Robe              |    18 |    23 |     3 ||    44
Dodge: Dodged            |    64 |   127 |    11 ||   202
